Wolves vs Sewer Rats
Created - 29 décembre 2014 at 08:16
Goals
|
| Wolves |
1 |
2 |
1 |
0 |
1 |
4 |
| Sewer Rats |
1 |
1 |
2 |
0 |
2 |
5 |
|
Shots
|
| Wolves |
14 |
11 |
10 |
0 |
3 |
35 |
| Sewer Rats |
5 |
15 |
15 |
0 |
2 |
35 |
|
1st period
1. Sewer Rats , Steven Reinprecht 13 (Mark Mancari) at 13:47 (PP)
2. Wolves , Dan Fritsche 15 (Milan Bartovic, Willie Mitchell) at 14:48
Penalties :
Carl Klingberg (Min) for Holding (Minor) at 5:13, Lars Eller (Tol) for Hooking (Minor) at 10:45, Kevin Veilleux (Min) for Tripping (Minor) at 13:10, John Erskine (Tol) for Hooking (Minor) at 15:02
2nd period
3. Wolves , Nathan Davis 16 (Jonas Junland) at 5:34
4. Wolves , Nathan Davis 17 (Dmitry Kulikov) at 17:59
5. Sewer Rats , Kyle Turris 17 (Ville Leino) at 18:09
Penalties :
Geoff Paukovich (Min) for Holding (Minor) at 0:52, Mark Mancari (Tol) for Hooking (Minor) at 3:19, Geoff Paukovich (Min) for High sticking (Minor) at 6:57, Carl Klingberg (Min) for Tripping (Minor) at 11:17
3rd period
6. Wolves , Nathan Davis 18 (Tim Crowder, Willie Mitchell) at 7:40
7. Sewer Rats , Derek Dorsett 13 (John Lammers, John-Michael Liles) at 12:17
8. Sewer Rats , Lars Eller 8 (Steven Kampfer, Mark Mancari) at 13:35 (PP)
Penalties :
Kyle Quincey (Tol) for Interference (Minor) at 5:05, Dan Fritsche (Min) for Hooking (Minor) at 12:50
Overtime #1
No Goal
Penalties :
No Penalty
Shootout
Penalty Shot by Chris Neil for Wolves - Stopped by Semyon Varlamov
Penalty Shot by Ville Leino for Sewer Rats - Goal!
Penalty Shot by Mike Zigomanis for Wolves - Goal!
Penalty Shot by Brandon Sutter for Sewer Rats - Goal!
Penalty Shot by Milan Bartovic for Wolves - Stopped by Semyon Varlamov
Penalties :
No Penalty
Goalie Stats
Jamie Storr (Min), 31 saves from 35 shots - (0,886), OTL, 14-13-4, 65:00 minutes
Semyon Varlamov (Tol), 31 saves from 35 shots - (0,886), W, 10-7-2, 65:00 minutes
Players Stats for Wolves
Player Name G A P +/- PIM S H SB GA TA FO MP PP MP PK MP
------------------------------------------------------------------------------------
Bruno Gervais 0 0 0 2 0 1 1 2 0 1 0/0 30:47 4:42 5:41
Carl Klingberg 0 0 0 3 4 0 1 0 0 0 0/0 12:44 0:00 0:31
Chris Neil 0 0 0 -2 0 5 1 1 2 1 10/15 26:19 4:08 5:39
Chris Terry 0 0 0 0 0 0 0 0 0 0 0/0 6:29 0:00 0:00
Dan Fritsche 1 0 1 1 2 3 0 0 0 2 3/11 18:42 3:39 2:30
Dmitry Kulikov 0 1 1 1 0 2 0 0 0 0 0/0 8:43 0:00 0:00
Geoff Paukovich 0 0 0 1 4 0 2 0 0 0 0/0 14:36 3:39 0:19
James Marcou 0 0 0 0 0 0 0 0 0 0 0/0 0:00 0:00 0:00
Johan Ryno 0 0 0 0 0 0 0 0 0 0 0/0 0:17 0:09 0:00
Jonas Junland 0 1 1 1 0 0 0 0 0 0 0/0 8:43 0:00 0:00
Jonathan Rheault 0 0 0 0 0 1 1 1 0 0 0/0 8:00 0:00 1:12
Kevin Veilleux 0 0 0 0 2 0 0 0 0 0 0/1 6:28 0:00 0:00
Maksim Mayorov 0 0 0 0 0 0 0 0 0 0 0/0 0:00 0:00 0:00
Marc Methot 0 0 0 -1 0 2 2 0 0 1 0/0 21:23 3:14 3:37
Marc-André Gragnani 0 0 0 0 0 0 0 0 0 0 0/0 4:07 0:00 0:00
Mark Fayne 0 0 0 0 0 0 0 0 0 0 0/0 4:07 0:00 0:00
Matt Gilroy 0 0 0 -1 0 3 1 1 1 1 0/0 21:23 3:14 3:37
Mike Sislo 0 0 0 -2 0 1 4 0 0 1 1/1 17:25 4:08 0:00
Mike Zigomanis 0 0 0 -2 0 7 1 1 3 2 17/30 26:26 4:08 5:42
Milan Bartovic 0 1 1 1 0 2 2 0 0 0 1/3 18:56 3:39 2:43
Nathan Davis 3 0 3 3 0 5 1 0 0 0 4/8 12:11 0:09 0:00
Petr Kalus 0 0 0 0 0 0 0 0 0 0 0/0 0:00 0:00 0:00
Stefan Chaput 0 0 0 0 0 0 0 0 0 0 0/0 0:00 0:00 0:00
Tim Crowder 0 1 1 3 0 0 0 0 2 0 0/0 12:03 0:09 0:00
Willie Mitchell 0 2 2 2 0 3 3 1 0 3 0/0 30:47 4:42 5:41
Players Stats for Sewer Rats
Player Name G A P +/- PIM S H SB GA TA FO MP PP MP PK MP
------------------------------------------------------------------------------------
Brandon Sutter 0 0 0 0 0 1 2 2 1 0 4/12 17:02 0:00 4:18
Derek Dorsett 1 0 1 0 0 2 1 0 0 0 0/0 13:22 0:00 0:00
John Erskine 0 0 0 -1 2 0 0 0 0 0 0/0 21:35 0:00 3:28
John Lammers 0 1 1 0 0 3 0 0 1 0 0/0 13:36 0:00 1:22
John-Michael Liles 0 1 1 -1 0 3 0 5 4 2 0/0 29:59 5:26 4:52
Jonathan Paiement 0 0 0 -1 0 3 0 0 0 0 0/0 9:41 0:00 1:24
Jordan Caron 0 0 0 0 0 0 1 0 0 0 0/0 6:46 0:00 0:00
Kyle Quincey 0 0 0 0 2 1 2 0 0 1 0/0 18:18 3:52 0:00
Kyle Turris 1 0 1 -1 0 7 1 0 2 1 17/38 22:31 5:43 1:00
Lars Eller 1 0 1 -1 2 4 0 0 2 1 4/5 13:50 3:35 0:00
Mark Mancari 0 2 2 -1 2 1 3 0 0 0 2/2 14:42 3:35 0:00
Matt Lashoff 0 0 0 0 0 1 0 2 0 1 0/0 23:32 5:26 3:04
Mattias Ekholm 0 0 0 0 0 0 0 0 0 0 0/0 5:36 0:00 0:00
Nick Palmieri 0 0 0 -1 0 0 2 0 0 0 1/2 19:23 5:43 0:00
Patrick Bordeleau 0 0 0 0 0 0 0 0 0 0 0/0 6:36 0:00 0:00
Steven Kampfer 0 1 1 0 0 0 0 0 0 0 0/0 10:16 3:52 0:00
Steven Reinprecht 1 0 1 0 0 3 0 1 0 1 5/7 14:44 3:35 2:11
Tim Ramholt 0 0 0 -1 0 1 1 0 0 1 0/0 11:02 0:00 3:04
Ville Leino 0 1 1 -1 0 4 3 0 1 0 0/2 24:14 5:43 2:38
Vojtech Polak 0 0 0 -1 0 1 1 1 1 0 0/1 15:15 0:00 4:23
3 Stars
1 - Nathan Davis (Min)
2 - Willie Mitchell (Min)
3 - Tim Crowder (Min)
Power Play
Wolves - 0 on 4 Attempt(s) - 0,00%
Sewer Rats - 2 on 6 Attempt(s) - 33,33%
Penalty Kill
Wolves - 4 on 6 Attempt(s) - 66,67%
- Score 0 goal in Penalty Kill
Sewer Rats - 4 on 4 Attempt(s) - 100,00%
- Score 0 goal in Penalty Kill
Official
Referees : Joannette Marc and McCreary Bill
Linesman : Brian Mach and David Brisebois
Game Notes
Nathan Davis has scored a Hat Trick!
18:15 of 3rd period - Wolves goal is going for a video replay. After video review, No Goal. The goalkeeper has been pushed into the net together with the puck after making a save.
Finance
Level 1 -- Attendance: 1461 (73,05%) -- Ticket Income 43 830 $
Level 2 -- Attendance: 721 (72,10%) -- Ticket Income 8 652 $
Total Attendance: 2182 (72,73%)
Total Ticket Income: 52 482 $
Other Income: 2 624 $
Total Income: 55 106 $
Wolves
5 vs 5 Forward
Center Left Wing Right Wing Time % Phy DF OF
1 Mike Zigomanis Mike Sislo Chris Neil 40 1 2 2
2 Dan Fritsche Geoff Paukovich Milan Bartovic 30 1 2 2
3 Nathan Davis Carl Klingberg Tim Crowder 20 1 2 2
4 Kevin Veilleux Chris Terry Jonathan Rheault 10 1 2 2
5 vs 5 Defense
Defense Defense Time % Phy DF OF
1 Willie Mitchell Bruno Gervais 40 1 2 2
2 Matt Gilroy Marc Methot 30 1 2 2
3 Dmitry Kulikov Jonas Junland 20 1 2 2
4 Marc-André Gragnani Mark Fayne 10 1 2 2
PowerPlay Forward
Center Left Wing Right Wing Time % Phy DF OF
1 Mike Zigomanis Mike Sislo Chris Neil 60 1 2 2
2 Dan Fritsche Geoff Paukovich Milan Bartovic 40 1 2 2
PowerPlay Defense
Defense Defense Time % Phy DF OF
1 Willie Mitchell Bruno Gervais 60 1 2 2
2 Matt Gilroy Marc Methot 40 1 2 2
Penalty Kill 4 Players Forward
Center Wing Time % Phy DF OF
1 Chris Neil Mike Zigomanis 60 1 2 2
2 Milan Bartovic Dan Fritsche 40 1 2 2
Penalty Kill 4 Players Defense
Defense Defense Time % Phy DF OF
1 Willie Mitchell Bruno Gervais 60 1 2 2
2 Matt Gilroy Marc Methot 40 1 2 2
Penalty Kill - 3 Players Forward
Forward Time % Phy DF OF
1 Chris Neil 60 1 2 2
2 Mike Zigomanis 40 1 2 2
Penalty Kill - 3 Players Defense
Defense Defense Time % Phy DF OF
1 Willie Mitchell Bruno Gervais 60 1 2 2
2 Matt Gilroy Marc Methot 40 1 2 2
4 vs 4 Forward
Center Wing Time % Phy DF OF
1 Chris Neil Mike Zigomanis 60 1 2 2
2 Milan Bartovic Dan Fritsche 40 1 2 2
4 vs 4 Defense
Defense Defense Time % Phy DF OF
1 Willie Mitchell Bruno Gervais 60 1 2 2
2 Matt Gilroy Marc Methot 40 1 2 2
Last Minutes Offensive
Center Left Wing Right Wing Defense Defense
Mike Zigomanis Mike Sislo Chris Neil Willie Mitchell Bruno Gervais
Last Minutes Defensive
Center Left Wing Right Wing Defense Defense
Mike Zigomanis Mike Sislo Chris Neil Willie Mitchell Bruno Gervais
Goaltenders
Starting : Jamie Storr
Backup : Loïc Lacasse
Extra Forwards
Normal : Nathan Davis, Tim Crowder, Jonathan Rheault - PP : Nathan Davis, Tim Crowder - PK : Jonathan Rheault
Extra Defensemen
Normal : Dmitry Kulikov, Jonas Junland, Marc-André Gragnani - PP : Dmitry Kulikov - PK : Jonas Junland, Marc-André Gragnani
Penalty Shots
Chris Neil, Mike Zigomanis, Milan Bartovic, Dan Fritsche, Nathan Davis
Sewer Rats
5 vs 5 Forward
Center Left Wing Right Wing Time % Phy DF OF
1 Kyle Turris Ville Leino Nick Palmieri 40 1 2 2
2 Lars Eller Vojtech Polak Mark Mancari 30 1 2 2
3 Brandon Sutter John Lammers Derek Dorsett 20 1 2 2
4 Steven Reinprecht Patrick Bordeleau Jordan Caron 10 1 2 2
5 vs 5 Defense
Defense Defense Time % Phy DF OF
1 John-Michael Liles John Erskine 40 1 2 2
2 Matt Lashoff Kyle Quincey 30 1 2 2
3 Tim Ramholt Jonathan Paiement 20 1 2 2
4 Mattias Ekholm Steven Kampfer 10 1 2 2
PowerPlay Forward
Center Left Wing Right Wing Time % Phy DF OF
1 Kyle Turris Ville Leino Nick Palmieri 60 1 2 2
2 Steven Reinprecht Lars Eller Mark Mancari 40 1 2 2
PowerPlay Defense
Defense Defense Time % Phy DF OF
1 John-Michael Liles Matt Lashoff 60 1 2 2
2 Steven Kampfer Kyle Quincey 40 1 2 2
Penalty Kill 4 Players Forward
Center Wing Time % Phy DF OF
1 Brandon Sutter Vojtech Polak 60 1 2 2
2 Steven Reinprecht Ville Leino 40 1 2 2
Penalty Kill 4 Players Defense
Defense Defense Time % Phy DF OF
1 John-Michael Liles John Erskine 60 1 2 2
2 Matt Lashoff Tim Ramholt 40 1 2 2
Penalty Kill - 3 Players Forward
Forward Time % Phy DF OF
1 Brandon Sutter 60 1 2 2
2 Kyle Turris 40 1 2 2
Penalty Kill - 3 Players Defense
Defense Defense Time % Phy DF OF
1 Tim Ramholt John Erskine 60 1 2 2
2 Matt Lashoff John-Michael Liles 40 1 2 2
4 vs 4 Forward
Center Wing Time % Phy DF OF
1 Ville Leino Kyle Turris 60 1 2 2
2 Steven Reinprecht Mark Mancari 40 1 2 2
4 vs 4 Defense
Defense Defense Time % Phy DF OF
1 John-Michael Liles John Erskine 60 1 2 2
2 Matt Lashoff Kyle Quincey 40 1 2 2
Last Minutes Offensive
Center Left Wing Right Wing Defense Defense
Steven Reinprecht Ville Leino Nick Palmieri John-Michael Liles Matt Lashoff
Last Minutes Defensive
Center Left Wing Right Wing Defense Defense
Kyle Turris Ville Leino Mark Mancari Matt Lashoff John Erskine
Goaltenders
Starting : Semyon Varlamov
Backup : Jhonas Enroth
Extra Forwards
Normal : Vojtech Polak, Derek Dorsett, Ville Leino - PP : Vojtech Polak, Derek Dorsett - PK : Ville Leino
Extra Defensemen
Normal : Steven Kampfer, Jonathan Paiement, Matt Lashoff - PP : Steven Kampfer - PK : Jonathan Paiement, Matt Lashoff
Penalty Shots
Ville Leino, Brandon Sutter, Kyle Turris, Jordan Caron, Vojtech Polak
% Time on Ice - Wolves
Lines # - Real PCT - Wanted PCT - Time Play
Normal Forward
1 - 34% - 40% - 14:35
2 - 25% - 30% - 10:43
3 - 26% - 20% - 10:59
4 - 15% - 10% - 6:29
Normal Defense
1 - 42% - 40% - 17:53
2 - 29% - 30% - 12:17
3 - 20% - 20% - 8:29
4 - 10% - 10% - 4:07
PP Forward
1 - 54% - 60% - 4:17
2 - 46% - 40% - 3:39
PP Defense
1 - 59% - 60% - 4:42
2 - 41% - 40% - 3:14
PK Forward
1 - 71% - 60% - 6:35
2 - 29% - 40% - 2:43
PK Defense
1 - 61% - 60% - 5:41
2 - 39% - 40% - 3:37
PK3 Forward
1 - 0% - 60%
2 - 0% - 40%
PK3 Defense
1 - 0% - 60%
2 - 0% - 40%
44 Forward
1 - 63% - 60% - 3:09
2 - 37% - 40% - 1:51
44 Defense
1 - 55% - 60% - 2:45
2 - 45% - 40% - 2:15
Last Minute Offensive - 0:00
Last Minute Defensive - 0:00
Total
Forward - 65:00
Defense - 65:00
|
% Time on Ice - Sewer Rats
Lines # - Real PCT - Wanted PCT - Time Play
Normal Forward
1 - 34% - 40% - 14:25
2 - 23% - 30% - 9:50
3 - 28% - 20% - 11:55
4 - 15% - 10% - 6:36
Normal Defense
1 - 40% - 40% - 17:07
2 - 28% - 30% - 12:05
3 - 19% - 20% - 7:58
4 - 13% - 10% - 5:36
PP Forward
1 - 61% - 60% - 5:43
2 - 39% - 40% - 3:35
PP Defense
1 - 58% - 60% - 5:26
2 - 42% - 40% - 3:52
PK Forward
1 - 72% - 60% - 5:45
2 - 28% - 40% - 2:11
PK Defense
1 - 61% - 60% - 4:52
2 - 39% - 40% - 3:04
PK3 Forward
1 - 0% - 60%
2 - 0% - 40%
PK3 Defense
1 - 0% - 60%
2 - 0% - 40%
44 Forward
1 - 75% - 60% - 3:45
2 - 25% - 40% - 1:15
44 Defense
1 - 51% - 60% - 2:34
2 - 49% - 40% - 2:26
Last Minute Offensive - 0:00
Last Minute Defensive - 0:00
Total
Forward - 65:00
Defense - 65:00
|
Play by Play
1st period
0:01 of 1st period - Kyle Turris wins face-off versus Mike Zigomanis in neutral zone.
0:04 of 1st period - Slapshot by John-Michael Liles.
0:04 of 1st period - Shot Blocked by Willie Mitchell.
0:29 of 1st period - Off-side.
0:30 of 1st period - Lars Eller wins face-off versus Dan Fritsche in neutral zone.
0:43 of 1st period - Snap shot by Dan Fritsche.
0:43 of 1st period - Shot Hit the Post.
0:45 of 1st period - Snap shot by Geoff Paukovich.
0:45 of 1st period - Shot Misses the Net.
0:47 of 1st period - Slapshot by Marc Methot.
0:47 of 1st period - Shot Misses the Net.
0:51 of 1st period - Snap shot by Milan Bartovic.
0:51 of 1st period - Stopped by Semyon Varlamov with a rebound.
0:53 of 1st period - Slapshot by Matt Gilroy.
0:53 of 1st period - Deflect By Lars Eller.
0:53 of 1st period - Stopped by Semyon Varlamov without a rebound.
0:54 of 1st period - Brandon Sutter wins face-off versus Nathan Davis in Sewer Rats zone.
1:09 of 1st period - Snap shot by John Lammers.
1:09 of 1st period - Stopped by Jamie Storr with a rebound.
1:19 of 1st period - Tim Ramholt is hit by Mike Sislo and loses puck.
2:32 of 1st period - Derek Dorsett is hit by Mike Sislo and loses puck.
2:47 of 1st period - Wrist shot by Nathan Davis.
2:47 of 1st period - Shot Blocked by John-Michael Liles.
3:34 of 1st period - Milan Bartovic is hit by Mark Mancari and loses puck.
3:51 of 1st period - Snap shot by Derek Dorsett.
3:51 of 1st period - Deflect By Brandon Sutter.
3:51 of 1st period - Shot Misses the Net.
3:51 of 1st period - Puck is out of play.
3:52 of 1st period - Brandon Sutter wins face-off versus Mike Zigomanis in Wolves zone.
4:14 of 1st period - Icing by Willie Mitchell.
4:15 of 1st period - Kyle Turris wins face-off versus Dan Fritsche in Wolves zone.
4:27 of 1st period - Off-side.
4:28 of 1st period - Mike Zigomanis wins face-off versus Kyle Turris in neutral zone.
4:31 of 1st period - Kyle Turris is hit by Chris Neil.
4:35 of 1st period - Mike Zigomanis is hit by Kyle Turris.
5:13 of 1st period - Minor Penalty to Carl Klingberg for Holding.
5:14 of 1st period - Kyle Turris wins face-off versus Chris Neil in Wolves zone.
5:27 of 1st period - Wrist shot by John-Michael Liles.
5:27 of 1st period - Shot Misses the Net.
6:05 of 1st period - Steven Reinprecht is hit by Marc Methot and loses puck.
6:38 of 1st period - Snap shot by Jonathan Rheault.
6:38 of 1st period - Stopped by Semyon Varlamov with a rebound.
6:40 of 1st period - Snap shot by Jonathan Rheault.
6:40 of 1st period - Shot Blocked by John-Michael Liles.
7:04 of 1st period - John-Michael Liles is hit by Marc Methot and loses puck.
7:13 of 1st period - Penalty to Carl Klingberg is over, Carl Klingberg is back on ice.
8:12 of 1st period - Brandon Sutter is hit by Geoff Paukovich and loses puck.
9:16 of 1st period - Tim Ramholt is hit by Geoff Paukovich and loses puck.
10:04 of 1st period - Kyle Turris is hit by Jonathan Rheault and loses puck.
10:36 of 1st period - Snap shot by Nathan Davis.
10:36 of 1st period - Stopped by Semyon Varlamov without a rebound.
10:37 of 1st period - Nathan Davis wins face-off versus Lars Eller in Sewer Rats zone.
10:38 of 1st period - Wrist shot by Tim Crowder.
10:38 of 1st period - Shot Misses the Net.
10:40 of 1st period - Snap shot by Dmitry Kulikov.
10:40 of 1st period - Shot Blocked by Vojtech Polak.
10:42 of 1st period - Slapshot by Jonas Junland.
10:42 of 1st period - Deflect By Nathan Davis.
10:42 of 1st period - Shot Blocked by Matt Lashoff.
10:42 of 1st period - Puck is out of play.
10:43 of 1st period - Lars Eller wins face-off versus Mike Zigomanis in Sewer Rats zone.
10:45 of 1st period - Minor Penalty to Lars Eller for Hooking.
10:46 of 1st period - Mike Zigomanis wins face-off versus Brandon Sutter in Sewer Rats zone.
10:52 of 1st period - Snap shot by Mike Zigomanis.
10:52 of 1st period - Stopped by Semyon Varlamov with a rebound.
10:54 of 1st period - Wrist shot by Mike Zigomanis.
10:54 of 1st period - Stopped by Semyon Varlamov with a rebound.
10:56 of 1st period - Wrist shot by Willie Mitchell.
10:56 of 1st period - Shot Misses the Net.
10:58 of 1st period - Slapshot by Willie Mitchell.
10:58 of 1st period - Stopped by Semyon Varlamov with a rebound.
11:44 of 1st period - John Lammers is hit by Milan Bartovic and loses puck.
12:45 of 1st period - Penalty to Lars Eller is over, Lars Eller is back on ice.
13:10 of 1st period - Minor Penalty to Kevin Veilleux for Tripping.
13:11 of 1st period - Kyle Turris wins face-off versus Chris Neil in Wolves zone.
13:12 of 1st period - Snap shot by Ville Leino.
13:12 of 1st period - Stopped by Jamie Storr without a rebound.
13:13 of 1st period - Chris Neil wins face-off versus Kyle Turris in Wolves zone.
13:28 of 1st period - Chris Neil is hit by Nick Palmieri.
13:39 of 1st period - Icing by Mark Mancari.
13:40 of 1st period - Steven Reinprecht wins face-off versus Chris Neil in Sewer Rats zone.
13:45 of 1st period - Wrist shot by Steven Reinprecht.
13:45 of 1st period - Shot Blocked by Matt Gilroy.
13:47 of 1st period - Wrist shot by Steven Reinprecht.
13:47 of 1st period - Goal by Steven Reinprecht - Wolves : 0 - Sewer Rats : 1.
13:48 of 1st period - Mike Zigomanis wins face-off versus Kyle Turris in neutral zone.
13:55 of 1st period - Slapshot by Chris Neil.
13:55 of 1st period - Stopped by Semyon Varlamov without a rebound.
13:56 of 1st period - Kyle Turris wins face-off versus Mike Zigomanis in Sewer Rats zone.
14:07 of 1st period - Snap shot by Chris Neil.
14:07 of 1st period - Shot Misses the Net.
14:09 of 1st period - Slapshot by Willie Mitchell.
14:09 of 1st period - Shot Misses the Net.
14:11 of 1st period - Snap shot by Chris Neil.
14:11 of 1st period - Shot Misses the Net.
14:48 of 1st period - Snap shot by Dan Fritsche.
14:48 of 1st period - Goal by Dan Fritsche - Wolves : 1 - Sewer Rats : 1.
14:49 of 1st period - Mike Zigomanis wins face-off versus Kyle Turris in neutral zone.
14:51 of 1st period - Off-side.
14:52 of 1st period - Mike Zigomanis wins face-off versus Kyle Turris in neutral zone.
14:57 of 1st period - Wrist shot by Chris Neil.
14:57 of 1st period - Shot Misses the Net.
14:59 of 1st period - Slapshot by Marc Methot.
14:59 of 1st period - Stopped by Semyon Varlamov without a rebound.
15:00 of 1st period - Kyle Turris wins face-off versus Mike Zigomanis in Sewer Rats zone.
15:02 of 1st period - Minor Penalty to John Erskine for Hooking.
15:03 of 1st period - Mike Zigomanis wins face-off versus Vojtech Polak in Sewer Rats zone.
15:03 of 1st period - Snap shot by Chris Neil.
15:03 of 1st period - Shot Blocked by John-Michael Liles.
15:05 of 1st period - Backhand shot by Bruno Gervais.
15:05 of 1st period - Shot Misses the Net.
15:07 of 1st period - Wrist shot by Willie Mitchell.
15:07 of 1st period - Deflect By Vojtech Polak.
15:07 of 1st period - Stopped by Semyon Varlamov without a rebound.
15:08 of 1st period - Mike Zigomanis wins face-off versus Brandon Sutter in Sewer Rats zone.
15:19 of 1st period - Slapshot by Mike Zigomanis.
15:19 of 1st period - Stopped by Semyon Varlamov with a rebound.
15:21 of 1st period - Slapshot by Mike Zigomanis.
15:21 of 1st period - Deflect By Mike Sislo.
15:21 of 1st period - Stopped by Semyon Varlamov with a rebound.
15:23 of 1st period - Snap shot by Chris Neil.
15:23 of 1st period - Shot Blocked by Brandon Sutter.
15:33 of 1st period - Slapshot by John-Michael Liles.
15:33 of 1st period - Deflect By Ville Leino.
15:33 of 1st period - Stopped by Jamie Storr without a rebound.
15:34 of 1st period - Steven Reinprecht wins face-off versus Dan Fritsche in Wolves zone.
16:03 of 1st period - Wrist shot by Mike Zigomanis.
16:03 of 1st period - Shot Misses the Net.
16:05 of 1st period - Slapshot by Matt Gilroy.
16:05 of 1st period - Shot Blocked by Steven Reinprecht.
16:23 of 1st period - Matt Gilroy is hit by Tim Ramholt and loses puck.
17:02 of 1st period - Penalty to John Erskine is over, John Erskine is back on ice.
17:15 of 1st period - Off-side.
17:16 of 1st period - Steven Reinprecht wins face-off versus Nathan Davis in neutral zone.
17:29 of 1st period - Slapshot by Nathan Davis.
17:29 of 1st period - Shot Misses the Net.
17:31 of 1st period - Snap shot by Nathan Davis.
17:31 of 1st period - Shot Misses the Net.
17:54 of 1st period - Slapshot by Kyle Quincey.
17:54 of 1st period - Deflect By Kevin Veilleux.
17:54 of 1st period - Stopped by Jamie Storr with a rebound.
18:44 of 1st period - Slapshot by Mike Zigomanis.
18:44 of 1st period - Shot Blocked by John-Michael Liles.
18:46 of 1st period - Slapshot by Chris Neil.
18:46 of 1st period - Shot Blocked by John-Michael Liles.
18:48 of 1st period - Slapshot by Bruno Gervais.
18:48 of 1st period - Stopped by Semyon Varlamov with a rebound.
19:59 of 1st period - Matt Gilroy is hit by Brandon Sutter and loses puck.
Goals for this period are 1 for Wolves vs 1 for Sewer Rats.
Shots for this period are 14 for Wolves vs 5 for Sewer Rats.
2nd period
0:01 of 2nd period - Kyle Turris wins face-off versus Mike Zigomanis in neutral zone.
0:04 of 2nd period - Snap shot by Mike Zigomanis.
0:04 of 2nd period - Stopped by Semyon Varlamov without a rebound.
0:05 of 2nd period - Kyle Turris wins face-off versus Mike Zigomanis in Sewer Rats zone.
0:12 of 2nd period - Wrist shot by Kyle Turris.
0:12 of 2nd period - Stopped by Jamie Storr with a rebound.
0:14 of 2nd period - Wrist shot by Kyle Turris.
0:14 of 2nd period - Stopped by Jamie Storr with a rebound.
0:16 of 2nd period - Slapshot by Nick Palmieri.
0:16 of 2nd period - Shot Misses the Net.
0:18 of 2nd period - Wrist shot by John-Michael Liles.
0:18 of 2nd period - Stopped by Jamie Storr without a rebound.
0:19 of 2nd period - Kyle Turris wins face-off versus Mike Zigomanis in Wolves zone.
0:47 of 2nd period - Off-side.
0:48 of 2nd period - Lars Eller wins face-off versus Dan Fritsche in neutral zone.
0:52 of 2nd period - Minor Penalty to Geoff Paukovich for Holding.
0:53 of 2nd period - Chris Neil wins face-off versus Kyle Turris in Wolves zone.
2:52 of 2nd period - Penalty to Geoff Paukovich is over, Geoff Paukovich is back on ice.
2:59 of 2nd period - Off-side.
3:00 of 2nd period - Nathan Davis wins face-off versus Brandon Sutter in neutral zone.
3:14 of 2nd period - Wrist shot by Nathan Davis.
3:14 of 2nd period - Shot Misses the Net.
3:16 of 2nd period - Wrist shot by Dmitry Kulikov.
3:16 of 2nd period - Deflect By Nathan Davis.
3:16 of 2nd period - Shot Misses the Net.
3:16 of 2nd period - Puck is out of play.
3:17 of 2nd period - Mark Mancari wins face-off versus Mike Zigomanis in Sewer Rats zone.
3:19 of 2nd period - Minor Penalty to Mark Mancari for Hooking.
3:20 of 2nd period - Mike Zigomanis wins face-off versus Brandon Sutter in Sewer Rats zone.
3:36 of 2nd period - Wrist shot by Chris Neil.
3:36 of 2nd period - Stopped by Semyon Varlamov with a rebound.
3:53 of 2nd period - Wrist shot by Milan Bartovic.
3:53 of 2nd period - Stopped by Semyon Varlamov without a rebound.
3:54 of 2nd period - Brandon Sutter wins face-off versus Mike Zigomanis in Sewer Rats zone.
3:54 of 2nd period - Brandon Sutter is hit by Mike Sislo.
5:10 of 2nd period - Kyle Turris is hit by Mike Zigomanis and loses puck.
5:19 of 2nd period - Penalty to Mark Mancari is over, Mark Mancari is back on ice.
5:34 of 2nd period - Snap shot by Nathan Davis.
5:34 of 2nd period - Goal by Nathan Davis - Wolves : 2 - Sewer Rats : 1.
5:35 of 2nd period - Dan Fritsche wins face-off versus Kyle Turris in neutral zone.
5:43 of 2nd period - Kyle Quincey is hit by Willie Mitchell and loses puck.
6:21 of 2nd period - Snap shot by Brandon Sutter.
6:21 of 2nd period - Stopped by Jamie Storr without a rebound.
6:22 of 2nd period - Nathan Davis wins face-off versus Brandon Sutter in Wolves zone.
6:26 of 2nd period - Icing by Bruno Gervais.
6:27 of 2nd period - Kyle Turris wins face-off versus Nathan Davis in Wolves zone.
6:34 of 2nd period - Wrist shot by Kyle Turris.
6:34 of 2nd period - Stopped by Jamie Storr without a rebound.
6:35 of 2nd period - Mike Zigomanis wins face-off versus Kyle Turris in Wolves zone.
6:57 of 2nd period - Minor Penalty to Geoff Paukovich for High sticking.
6:58 of 2nd period - Chris Neil wins face-off versus Kyle Turris in Wolves zone.
7:06 of 2nd period - Off-side.
7:07 of 2nd period - Kyle Turris wins face-off versus Chris Neil in neutral zone.
7:20 of 2nd period - Snap shot by Kyle Turris.
7:20 of 2nd period - Shot Misses the Net.
7:22 of 2nd period - Slapshot by Matt Lashoff.
7:22 of 2nd period - Shot Hit the Post.
7:38 of 2nd period - Wrist shot by Kyle Turris.
7:38 of 2nd period - Stopped by Jamie Storr without a rebound.
7:39 of 2nd period - Chris Neil wins face-off versus Steven Reinprecht in Wolves zone.
7:50 of 2nd period - Wrist shot by Mark Mancari.
7:50 of 2nd period - Shot Misses the Net.
8:57 of 2nd period - Penalty to Geoff Paukovich is over, Geoff Paukovich is back on ice.
10:14 of 2nd period - Chris Neil is hit by Derek Dorsett and loses puck.
10:32 of 2nd period - Icing by Brandon Sutter.
10:33 of 2nd period - Brandon Sutter wins face-off versus Nathan Davis in Sewer Rats zone.
10:33 of 2nd period - Brandon Sutter is hit by Carl Klingberg.
10:45 of 2nd period - Wrist shot by Nathan Davis.
10:45 of 2nd period - Shot Misses the Net.
11:00 of 2nd period - Steven Kampfer is hit by Willie Mitchell and loses puck.
11:17 of 2nd period - Minor Penalty to Carl Klingberg for Tripping.
11:18 of 2nd period - Chris Neil wins face-off versus Kyle Turris in Wolves zone.
11:26 of 2nd period - Snap shot by Matt Lashoff.
11:26 of 2nd period - Deflect By Matt Gilroy.
11:26 of 2nd period - Stopped by Jamie Storr without a rebound.
11:27 of 2nd period - Chris Neil wins face-off versus Kyle Turris in Wolves zone.
11:36 of 2nd period - Slapshot by Ville Leino.
11:36 of 2nd period - Shot Misses the Net.
11:38 of 2nd period - Snap shot by John-Michael Liles.
11:38 of 2nd period - Stopped by Jamie Storr without a rebound.
11:39 of 2nd period - Chris Neil wins face-off versus Kyle Turris in Wolves zone.
11:48 of 2nd period - Slapshot by John-Michael Liles.
11:48 of 2nd period - Stopped by Jamie Storr without a rebound.
11:49 of 2nd period - Chris Neil wins face-off versus Kyle Turris in Wolves zone.
12:13 of 2nd period - Off-side.
12:14 of 2nd period - Mark Mancari wins face-off versus Milan Bartovic in neutral zone.
13:17 of 2nd period - Penalty to Carl Klingberg is over, Carl Klingberg is back on ice.
13:25 of 2nd period - Slapshot by Mike Zigomanis.
13:25 of 2nd period - Shot Misses the Net.
13:27 of 2nd period - Backhand shot by Mike Zigomanis.
13:27 of 2nd period - Shot Misses the Net.
13:29 of 2nd period - Slapshot by Marc Methot.
13:29 of 2nd period - Shot Misses the Net.
13:31 of 2nd period - Slapshot by Marc Methot.
13:31 of 2nd period - Stopped by Semyon Varlamov with a rebound.
13:33 of 2nd period - Snap shot by Carl Klingberg.
13:33 of 2nd period - Shot Misses the Net.
13:41 of 2nd period - Slapshot by Chris Neil.
13:41 of 2nd period - Stopped by Semyon Varlamov with a rebound.
14:05 of 2nd period - Snap shot by Chris Neil.
14:05 of 2nd period - Shot Blocked by Matt Lashoff.
14:19 of 2nd period - Snap shot by Chris Neil.
14:19 of 2nd period - Shot Misses the Net.
14:21 of 2nd period - Wrist shot by Chris Neil.
14:21 of 2nd period - Stopped by Semyon Varlamov with a rebound.
14:23 of 2nd period - Slapshot by Matt Gilroy.
14:23 of 2nd period - Stopped by Semyon Varlamov without a rebound.
14:24 of 2nd period - Kyle Turris wins face-off versus Dan Fritsche in Sewer Rats zone.
15:07 of 2nd period - Icing by Jonas Junland.
15:08 of 2nd period - Dan Fritsche wins face-off versus Kyle Turris in Wolves zone.
15:40 of 2nd period - Wrist shot by Jonathan Rheault.
15:40 of 2nd period - Shot Blocked by Brandon Sutter.
15:42 of 2nd period - Slapshot by Dmitry Kulikov.
15:42 of 2nd period - Stopped by Semyon Varlamov with a rebound.
15:44 of 2nd period - Slapshot by Dmitry Kulikov.
15:44 of 2nd period - Stopped by Semyon Varlamov with a rebound.
17:14 of 2nd period - Snap shot by John Lammers.
17:14 of 2nd period - Stopped by Jamie Storr with a rebound.
17:24 of 2nd period - Jonathan Rheault is hit by Mark Mancari and loses puck.
17:55 of 2nd period - Snap shot by Nathan Davis.
17:55 of 2nd period - Shot Misses the Net.
17:59 of 2nd period - Wrist shot by Nathan Davis.
17:59 of 2nd period - Goal by Nathan Davis - Wolves : 3 - Sewer Rats : 1.
18:00 of 2nd period - Kyle Turris wins face-off versus Mike Zigomanis in neutral zone.
18:09 of 2nd period - Wrist shot by Kyle Turris.
18:09 of 2nd period - Goal by Kyle Turris - Wolves : 3 - Sewer Rats : 2.
18:10 of 2nd period - Kyle Turris wins face-off versus Mike Zigomanis in neutral zone.
18:25 of 2nd period - Mike Sislo is hit by Kyle Quincey and loses puck.
18:36 of 2nd period - Bruno Gervais is hit by Vojtech Polak and loses puck.
18:41 of 2nd period - Wrist shot by Vojtech Polak.
18:41 of 2nd period - Deflect By Lars Eller.
18:41 of 2nd period - Stopped by Jamie Storr with a rebound.
18:43 of 2nd period - Snap shot by Vojtech Polak.
18:43 of 2nd period - Shot Blocked by Bruno Gervais.
18:45 of 2nd period - Snap shot by Lars Eller.
18:45 of 2nd period - Shot Misses the Net.
19:18 of 2nd period - Kevin Veilleux is hit by Jordan Caron and loses puck.
19:23 of 2nd period - Wrist shot by Steven Reinprecht.
19:23 of 2nd period - Stopped by Jamie Storr with a rebound.
19:25 of 2nd period - Wrist shot by Jonathan Paiement.
19:25 of 2nd period - Stopped by Jamie Storr with a rebound.
19:43 of 2nd period - Backhand shot by Ville Leino.
19:43 of 2nd period - Shot Misses the Net.
19:45 of 2nd period - Slapshot by Tim Ramholt.
19:45 of 2nd period - Stopped by Jamie Storr with a rebound.
Goals for this period are 2 for Wolves vs 1 for Sewer Rats.
Shots for this period are 11 for Wolves vs 15 for Sewer Rats.
3rd period
0:01 of 3rd period - Mike Zigomanis wins face-off versus Nick Palmieri in neutral zone.
0:25 of 3rd period - Matt Gilroy is hit by Brandon Sutter.
0:35 of 3rd period - Wrist shot by Mike Zigomanis.
0:35 of 3rd period - Stopped by Semyon Varlamov with a rebound.
1:23 of 3rd period - Snap shot by Chris Neil.
1:23 of 3rd period - Shot Misses the Net.
1:49 of 3rd period - Wrist shot by John Lammers.
1:49 of 3rd period - Stopped by Jamie Storr without a rebound.
1:50 of 3rd period - Dan Fritsche wins face-off versus Kyle Turris in Wolves zone.
2:01 of 3rd period - Wrist shot by Dan Fritsche.
2:01 of 3rd period - Stopped by Semyon Varlamov without a rebound.
2:02 of 3rd period - Kyle Turris wins face-off versus Dan Fritsche in Sewer Rats zone.
2:35 of 3rd period - Slapshot by Mark Mancari.
2:35 of 3rd period - Stopped by Jamie Storr with a rebound.
2:37 of 3rd period - Wrist shot by Vojtech Polak.
2:37 of 3rd period - Deflect By Tim Crowder.
2:37 of 3rd period - Shot Misses the Net.
2:37 of 3rd period - Puck is out of play.
2:38 of 3rd period - Kyle Turris wins face-off versus Dan Fritsche in Wolves zone.
2:39 of 3rd period - Wrist shot by Ville Leino.
2:39 of 3rd period - Shot Misses the Net.
2:41 of 3rd period - Slapshot by Jonathan Paiement.
2:41 of 3rd period - Shot Misses the Net.
2:43 of 3rd period - Slapshot by Jonathan Paiement.
2:43 of 3rd period - Stopped by Jamie Storr with a rebound.
2:49 of 3rd period - Snap shot by Ville Leino.
2:49 of 3rd period - Stopped by Jamie Storr with a rebound.
2:51 of 3rd period - Snap shot by Ville Leino.
2:51 of 3rd period - Deflect By Kyle Turris.
2:51 of 3rd period - Stopped by Jamie Storr with a rebound.
2:53 of 3rd period - Slapshot by Jonathan Paiement.
2:53 of 3rd period - Stopped by Jamie Storr with a rebound.
3:03 of 3rd period - Tim Ramholt is hit by Matt Gilroy.
3:13 of 3rd period - Wrist shot by Vojtech Polak.
3:13 of 3rd period - Stopped by Jamie Storr with a rebound.
4:54 of 3rd period - Wrist shot by Nathan Davis.
4:54 of 3rd period - Stopped by Semyon Varlamov with a rebound.
5:05 of 3rd period - Minor Penalty to Kyle Quincey for Interference.
5:06 of 3rd period - Mike Sislo wins face-off versus Brandon Sutter in Sewer Rats zone.
7:05 of 3rd period - Penalty to Kyle Quincey is over, Kyle Quincey is back on ice.
7:30 of 3rd period - Carl Klingberg is hit by Ville Leino.
7:38 of 3rd period - Snap shot by Tim Crowder.
7:38 of 3rd period - Shot Misses the Net.
7:40 of 3rd period - Wrist shot by Nathan Davis.
7:40 of 3rd period - Goal by Nathan Davis - Wolves : 4 - Sewer Rats : 2.
7:41 of 3rd period - Mike Zigomanis wins face-off versus Kyle Turris in neutral zone.
8:00 of 3rd period - Nick Palmieri is hit by Mike Sislo and loses puck.
8:32 of 3rd period - Snap shot by Matt Gilroy.
8:32 of 3rd period - Stopped by Semyon Varlamov with a rebound.
9:17 of 3rd period - Wrist shot by Nick Palmieri.
9:17 of 3rd period - Shot Misses the Net.
9:19 of 3rd period - Snap shot by Ville Leino.
9:19 of 3rd period - Shot Misses the Net.
10:11 of 3rd period - Slapshot by Willie Mitchell.
10:11 of 3rd period - Stopped by Semyon Varlamov without a rebound.
10:12 of 3rd period - Steven Reinprecht wins face-off versus Kevin Veilleux in Sewer Rats zone.
10:27 of 3rd period - Snap shot by Jonathan Rheault.
10:27 of 3rd period - Shot Misses the Net.
10:37 of 3rd period - Dan Fritsche is hit by Kyle Quincey and loses puck.
10:46 of 3rd period - Snap shot by Dan Fritsche.
10:46 of 3rd period - Shot Misses the Net.
11:37 of 3rd period - Jonathan Paiement is hit by Milan Bartovic and loses puck.
12:02 of 3rd period - Wrist shot by Mike Zigomanis.
12:02 of 3rd period - Stopped by Semyon Varlamov with a rebound.
12:17 of 3rd period - Slapshot by Derek Dorsett.
12:17 of 3rd period - Goal by Derek Dorsett - Wolves : 4 - Sewer Rats : 3.
12:18 of 3rd period - Mike Zigomanis wins face-off versus Kyle Turris in neutral zone.
12:33 of 3rd period - Wrist shot by Mike Zigomanis.
12:33 of 3rd period - Deflect By Chris Neil.
12:33 of 3rd period - Shot Misses the Net.
12:33 of 3rd period - Puck is out of play.
12:34 of 3rd period - Lars Eller wins face-off versus Dan Fritsche in Sewer Rats zone.
12:50 of 3rd period - Minor Penalty to Dan Fritsche for Hooking.
12:51 of 3rd period - Chris Neil wins face-off versus Kyle Turris in Wolves zone.
12:59 of 3rd period - Snap shot by Ville Leino.
12:59 of 3rd period - Shot Blocked by Mike Zigomanis.
13:01 of 3rd period - Slapshot by Matt Lashoff.
13:01 of 3rd period - Shot Misses the Net.
13:23 of 3rd period - Backhand shot by John-Michael Liles.
13:23 of 3rd period - Shot Blocked by Bruno Gervais.
13:25 of 3rd period - Snap shot by Steven Kampfer.
13:25 of 3rd period - Shot Blocked by Jonathan Rheault.
13:27 of 3rd period - Wrist shot by Lars Eller.
13:27 of 3rd period - Stopped by Jamie Storr with a rebound.
13:29 of 3rd period - Snap shot by Lars Eller.
13:29 of 3rd period - Stopped by Jamie Storr without a rebound.
13:30 of 3rd period - Steven Reinprecht wins face-off versus Chris Neil in Wolves zone.
13:31 of 3rd period - Snap shot by Mark Mancari.
13:31 of 3rd period - Shot Misses the Net.
13:33 of 3rd period - Slapshot by Steven Kampfer.
13:33 of 3rd period - Shot Blocked by Chris Neil.
13:35 of 3rd period - Wrist shot by Lars Eller.
13:35 of 3rd period - Goal by Lars Eller - Wolves : 4 - Sewer Rats : 4.
13:36 of 3rd period - Nick Palmieri wins face-off versus Mike Zigomanis in neutral zone.
13:39 of 3rd period - Snap shot by Ville Leino.
13:39 of 3rd period - Stopped by Jamie Storr without a rebound.
13:40 of 3rd period - Mike Zigomanis wins face-off versus Kyle Turris in Wolves zone.
14:38 of 3rd period - Snap shot by Derek Dorsett.
14:38 of 3rd period - Stopped by Jamie Storr with a rebound.
14:40 of 3rd period - Slapshot by Derek Dorsett.
14:40 of 3rd period - Shot Misses the Net.
15:42 of 3rd period - Marc Methot is hit by Nick Palmieri and loses puck.
16:03 of 3rd period - Snap shot by Kyle Turris.
16:03 of 3rd period - Stopped by Jamie Storr without a rebound.
16:04 of 3rd period - Mike Zigomanis wins face-off versus Brandon Sutter in Wolves zone.
16:30 of 3rd period - Vojtech Polak is hit by Nathan Davis and loses puck.
17:03 of 3rd period - Snap shot by Steven Reinprecht.
17:03 of 3rd period - Stopped by Jamie Storr without a rebound.
17:04 of 3rd period - Mike Zigomanis wins face-off versus Brandon Sutter in Wolves zone.
17:36 of 3rd period - Slapshot by Milan Bartovic.
17:36 of 3rd period - Deflect By Dan Fritsche.
17:36 of 3rd period - Stopped by Semyon Varlamov without a rebound.
17:37 of 3rd period - Nathan Davis wins face-off versus Kyle Turris in Sewer Rats zone.
17:51 of 3rd period - Marc Methot is hit by Ville Leino and loses puck.
18:13 of 3rd period - Wrist shot by Mike Zigomanis.
18:13 of 3rd period - Shot Misses the Net.
18:15 of 3rd period - Snap shot by Chris Neil.
18:15 of 3rd period - Wolves goal is going for a video replay.
18:15 of 3rd period - The goal is refused. The goalkeeper has been pushed into the net together with the puck after making a save..
18:16 of 3rd period - Kyle Turris wins face-off versus Milan Bartovic in Sewer Rats zone.
19:04 of 3rd period - Snap shot by Chris Neil.
19:04 of 3rd period - Deflect By Mike Zigomanis.
19:04 of 3rd period - Stopped by Semyon Varlamov without a rebound.
19:05 of 3rd period - Mike Zigomanis wins face-off versus Kyle Turris in Sewer Rats zone.
Goals for this period are 1 for Wolves vs 2 for Sewer Rats.
Shots for this period are 10 for Wolves vs 15 for Sewer Rats.
Overtime #1
0:01 of 1st overtime period - Chris Neil wins face-off versus Ville Leino in neutral zone.
0:45 of 1st overtime period - Off-side.
0:46 of 1st overtime period - Milan Bartovic wins face-off versus Steven Reinprecht in neutral zone.
1:50 of 1st overtime period - Snap shot by Jonathan Rheault.
1:50 of 1st overtime period - Deflect By Tim Crowder.
1:50 of 1st overtime period - Shot Misses the Net.
1:50 of 1st overtime period - Puck is out of play.
1:51 of 1st overtime period - Mike Zigomanis wins face-off versus Ville Leino in Sewer Rats zone.
2:22 of 1st overtime period - Kyle Quincey is hit by Willie Mitchell and loses puck.
2:39 of 1st overtime period - Matt Gilroy is hit by Ville Leino and loses puck.
2:52 of 1st overtime period - Snap shot by John Erskine.
2:52 of 1st overtime period - Shot Misses the Net.
3:27 of 1st overtime period - Dan Fritsche is hit by Mark Mancari and loses puck.
3:49 of 1st overtime period - Vojtech Polak is hit by Bruno Gervais.
Goals for this period are 0 for Wolves vs 0 for Sewer Rats.
Shots for this period are 0 for Wolves vs 0 for Sewer Rats.
ShootOut
5:00 of 1st overtime period - Penalty Shot by Chris Neil for Wolves.
5:00 of 1st overtime period - Backhand shot by Chris Neil.
5:00 of 1st overtime period - Stopped by Semyon Varlamov.
5:00 of 1st overtime period - Penalty Shot by Ville Leino for Sewer Rats.
5:00 of 1st overtime period - Backhand shot by Ville Leino.
5:00 of 1st overtime period - Goal by Ville Leino.
5:00 of 1st overtime period - Penalty Shot by Mike Zigomanis for Wolves.
5:00 of 1st overtime period - Deke by Mike Zigomanis.
5:00 of 1st overtime period - Goal by Mike Zigomanis.
5:00 of 1st overtime period - Penalty Shot by Brandon Sutter for Sewer Rats.
5:00 of 1st overtime period - Snap shot by Brandon Sutter.
5:00 of 1st overtime period - Goal by Brandon Sutter.
5:00 of 1st overtime period - Penalty Shot by Milan Bartovic for Wolves.
5:00 of 1st overtime period - Deke by Milan Bartovic.
5:00 of 1st overtime period - Stopped by Semyon Varlamov.
Output by the SimonT Hockey Simulator (STHS) for François Prévost -- Original Page W3C XHTML 1.0 Valid